 Dungeon Crawl Stone Soup version 0.19.1-1-g22dce08 (webtiles) character file.

13370 Messajah the Carver (level 11, -12/107 HPs)
             Began as a Minotaur Fighter on Jan 18, 2017.
             Was the Champion of Okawaru.
             Mangled by Snorg (14 damage)
             ... on level 12 of the Dungeon on Jan 19, 2017.
             The game lasted 02:28:34 (11170 turns).

Messajah the Carver (Minotaur Fighter)             Turns: 11170, Time: 02:28:37

Health: -12/107    AC: 18    Str: 25    XL:     11   Next: 74%
Magic:  18/19      EV:  8    Int: 15    God:    Okawaru [******]
Gold:   840        SH:  0    Dex: 11    Spells: 0 memorised, 10 levels left

rFire  x . .     SeeInvis .     O - +5 long sword (drain)
rCold  . . .     Gourm    .     A - +5 chain mail "Wystroru" {+Blink rC- Regen+ MP+9, Kickass}
rNeg   . . .     Faith    .     (no shield)
rPois  +         Spirit   .     (helmet restricted)
rElec  .         Reflect  .     (no cloak)
rCorr  .         Harm     .     (no gloves)
MR     .....                    Q - +0 pair of boots
Stlth  ..........               P - amulet of rage
                                W - ring "Quehyiph" {Ice *Drain Int+7}
                                Z - ring of poison resistance

@: mighty, very slightly contaminated
A: retaliatory headbutt, horns 2
a: Heroism, Finesse, Renounce Religion, Evoke Blink, Evoke Berserk Rage


You were on level 12 of the Dungeon.
You worshipped Okawaru.
Okawaru was exalted by your worship.
You were not hungry.

You visited 4 branches of the dungeon, and saw 16 of its levels.
You also visited: Sewer.

You collected 840 gold pieces.

Inventory:

Hand Weapons
 M - the +9 whip of Vengeance {drain, rN+ Str+4}
   (You found it on level 7 of the Dungeon)

   A truly terrible weapon, it drains the life of those it strikes.
   It affects your strength (+4).
   It protects you from negative energy.
 O - a +5 long sword of draining (weapon)
Missiles
 y - 7 tomahawks
 K - 6 javelins (quivered)
Armour
 b - a +0 large shield
 c - a +0 shield
 A - the +5 chain mail "Wystroru" (worn) {+Blink rC- Regen+ MP+9, Kickass}
   (You found it on level 5 of the Dungeon)

   It makes you vulnerable to cold.
   It affects your magic capacity (+9).
   It lets you blink.
   It increases your rate of regeneration.
 G - a +2 leather armour of magic resistance
 Q - a +0 pair of boots (worn)
Jewellery
 q - a +3 ring of strength
 P - an amulet of rage (around neck)
 W - the ring "Quehyiph" (right hand) {Ice *Drain Int+7}
   (You found it on level 9 of the Dungeon)

   [ring of ice]

   It enhances your ice magic.
   It affects your intelligence (+7).
   It makes you vulnerable to fire.
   It protects you from cold.
   It causes draining when unequipped.
 Z - a ring of poison resistance (left hand)
Wands
 h - a wand of polymorph (11/24)
 p - a wand of random effects (23/48)
 B - a wand of iceblast (5/15)
 C - a wand of iceblast (0/15)
 S - a wand of polymorph (5/24)
 T - a wand of flame (25/48)
 V - a wand of teleportation (3/9)
 X - a wand of confusion (35/48)
 Y - a wand of acid (2/15)
Scrolls
 a - a scroll of recharging
 d - 3 scrolls of fog
 e - 2 scrolls of noise
 i - 5 scrolls of remove curse
 j - a scroll of acquirement {unknown}
 k - 3 scrolls of amnesia
 t - 3 scrolls of teleportation
 v - 3 scrolls of enchant armour
 x - a scroll of magic mapping
 I - 2 scrolls of fear {unknown}
 J - 5 scrolls of identify
 L - a scroll of blinking
Potions
 l - a potion of agility
 n - 2 potions of ambrosia
 o - 3 potions of flight
 s - 4 potions of curing
 u - 3 potions of magic {unknown}
 w - 4 potions of degeneration
 z - 4 potions of mutation
 D - a potion of berserk rage
 E - 3 potions of brilliance {unknown}
 F - 2 potions of lignification {unknown}
 H - a potion of resistance
 N - a potion of heal wounds {unknown}
Books
 R - the Volume of the Displaced Entourage
   (You found it on level 10 of the Dungeon)

   Spells                             Type                      Level
   a - Summon Butterflies             Summoning                    1
   b - Shroud of Golubria             Charms/Translocation         2
   c - Summon Guardian Golem          Hexes/Summoning              3
   d - Force Lance                    Conjuration/Translocation    4
   e - Summon Mana Viper              Hexes/Summoning              5
Miscellaneous
 U - a phantom mirror
Comestibles
 f - 5 bread rations
 g - 8 meat rations
 m - 25 fruits


   Skills:
 * Level 13.3 Fighting
 - Level 14.4 Long Blades
 + Level 9.9 Armour
 * Level 7.1 Shields


You had 10 spell levels left.
You didn't know any spells.

Dungeon Overview and Level Annotations

Branches:
Dungeon (12/15)            Temple (1/1) D:4            Lair (2/6) D:11
  Snake (0/4) Lair:2          Orc (1/2) D:9
  Swamp: Lair:2-4    Shoals: Lair:2-4

Altars:
Ashenzari
Cheibriados
Dithmenos
Elyvilon
Fedhas
Gozag
Hepliaklqana
Kikubaaqudgha
Makhleb
Nemelex Xobeh
Okawaru
Qazlal
Ru
Sif Muna
Trog
Uskayaw
Vehumet
Xom
Yredelemnul
Zin
The Shining One
Beogh

Shops:
D:9 }

Annotations:
D:12 Snorg
Lair:2 Gastronok
Orc:1 Fannar


Innate Abilities, Weirdness & Mutations

You reflexively headbutt those who attack you in melee.
You have a pair of horns on your head.


Message History

* * * LOW HITPOINT WARNING * * *
Snorg claws you but does no damage. x2
Snorg rages.
Snorg bites you but does no damage. Snorg claws you but does no damage.
Snorg closely misses you.
Things that are here:
2 inedible chunks of flesh; a water moccasin skeleton You are too injured to fight recklessly!
You feel better. Snorg bites you.
* * * LOW HITPOINT WARNING * * *
Snorg claws you!
* * * LOW HITPOINT WARNING * * *
Snorg claws you but does no damage.
You blink.
You feel slightly more hungry. Snorg closely misses you.
You furiously retaliate!
You headbutt Snorg!!
You riposte.
You slash Snorg!
Snorg is heavily wounded.
Snorg claws you!
* * * LOW HITPOINT WARNING * * *
Snorg claws you!
You die...

#..####.._..###.#
............#.#.#
##.####.....#.#.#
<........###...#
..#####.## #.###
#.# #.#
.########.# #.#
..........# #.#
.#######@.# #.#
#.T####.#
#.###...ยง...#
#.....#######
#.#####


You could see Snorg (berserk).

Vanquished Creatures
  A tengu warrior (D:11)
  A hill giant (D:7)
  A manticore (D:11)
  Joseph (D:7)
  A black mamba (Lair:1)
  A centaur zombie (D:11)
  A gargoyle (D:10)
  A komodo dragon (Lair:2)
  A hornet (D:9)
  2 hippogriffs
  6 blink frogs
  Prince Ribbit (Lair:2)
  7 yaks
  2 hill giant zombies (D:9)
  Grum (D:10)
  2 hungry ghosts (D:9)
  Menkaure (D:7)
  3 porcupines
  5 water moccasins
  Duvessa (D:7)
  6 ice beasts
  2 sky beasts
  A black bear (D:7)
  2 necrophages
  2 orc warriors (D:6)
  4 phantoms
  An eye of draining (D:7)
  6 wolves
  10 ogres
  2 crocodiles
  3 centaurs
  A big kobold (D:9)
  7 bullfrogs
  Dowan (D:7)
  4 scorpions
  A wyvern skeleton (D:9)
  2 troll zombies (D:9)
  6 killer bees (D:10)
  4 wights (D:8)
  4 crimson imps
  A jelly (D:6)
  The ghost of Uberchile the Ducker, a weakling FeMo (D:3)
  An orc priest (D:9)
  3 centaur skeletons
  5 hounds
  7 orc wizards
  Jessica (D:2)
  4 worker ants
  2 iguanas (D:9)
  A hell rat (D:11)
  4 ogre zombies (D:9)
  A hound zombie (D:11)
  A worker ant zombie (D:7)
  A howler monkey zombie (D:5)
  14 adders
  4 shadow imps
  An ooze (D:2)
  An adder skeleton (D:4)
  2 dart slugs (D:3)
  6 leopard geckos
  20 orcs
  3 ball pythons
  2 giant cockroaches
  9 goblins
  2 hobgoblins
  19 jackals
  5 quokkas
  3 bats
  4 frilled lizards
  2 goblin skeletons (D:9)
  3 goblin zombies (D:9)
  A hobgoblin skeleton (D:9)
  4 hobgoblin zombies
  7 kobolds
  2 orc skeletons (D:9)
  12 orc zombies (D:9)
  A quokka skeleton (D:4)
  5 rats
  A plant (Lair:1)
275 creatures vanquished.

Notes
Turn   | Place    | Note
-------+----------+-------------------------------------------
     0 | D:1      | Messajah the Minotaur Fighter began the quest for the Orb.
     0 | D:1      | Reached XP level 1. HP: 19/19 MP: 0/0
    46 | D:1      | Reached skill level 3 in Long Blades
   131 | D:1      | Reached XP level 2. HP: 26/26 MP: 1/1
   420 | D:1      | Reached skill level 4 in Long Blades
   662 | D:2      | Noticed Jessica
   674 | D:2      | Killed Jessica
   674 | D:2      | Reached XP level 3. HP: 31/31 MP: 2/2
   740 | D:2      | Reached skill level 5 in Long Blades
   887 | D:2      | Reached XP level 4. HP: 36/39 MP: 3/3
  1006 | D:2      | Found a faded altar of an unknown god.
  1350 | D:3      | Reached skill level 6 in Long Blades
  1418 | D:3      | Noticed Uberchile's ghost (weakling FeMo)
  1441 | D:3      | Killed Uberchile's ghost
  1441 | D:3      | Reached XP level 5. HP: 38/45 MP: 4/4
  1728 | D:4      | Reached skill level 7 in Long Blades
  1773 | D:4      | Reached XP level 6. HP: 43/51 MP: 5/5
  1814 | D:4      | Found a staircase to the Ecumenical Temple.
  1830 | Temple   | Entered the Ecumenical Temple
  1951 | Temple   | Became a worshipper of Warmaster Okawaru
  2324 | D:4      | Reached skill level 8 in Long Blades
  2994 | D:5      | Entered Level 5 of the Dungeon
  3148 | D:5      | Found a glowing drain.
  3156 | Sewer    | Entered a sewer
  3175 | Sewer    | Reached skill level 9 in Long Blades
  3209 | Sewer    | Reached XP level 7. HP: 56/57 MP: 6/6
  3454 | D:5      | Reached * piety under Okawaru
  3630 | D:5      | Got an ichor-stained chain mail
  3688 | D:5      | Identified the +5 chain mail "Wystroru" {+Blink rC- Regen+ MP+9} (You found it on level 5 of the Dungeon)
  3716 | D:5      | Reached skill level 10 in Long Blades
  4123 | D:6      | Reached skill level 11 in Long Blades
  4123 | D:6      | Reached XP level 8. HP: 44/64 MP: 7/7
  4139 | D:6      | Found a hide-covered altar of Uskayaw.
  4144 | D:6      | Reached ** piety under Okawaru
  4343 | D:6      | Reached skill level 12 in Long Blades
  4511 | D:6      | Found an iron altar of Okawaru.
  4764 | D:7      | Noticed Joseph
  4783 | D:7      | Killed Joseph
  4783 | D:7      | Reached skill level 13 in Long Blades
  4957 | D:7      | Reached *** piety under Okawaru
  4957 | D:7      | Reached XP level 9. HP: 60/70 MP: 8/8
  5027 | D:7      | Noticed a hill giant
  5079 | D:7      | Killed a hill giant
  5079 | D:7      | Reached skill level 14 in Long Blades
  5152 | D:7      | Noticed Menkaure
  5156 | D:7      | Killed Menkaure
  5201 | D:7      | Reached skill level 5 in Fighting
  5449 | D:7      | Noticed Dowan
  5450 | D:7      | Noticed Duvessa
  5464 | D:7      | Killed Duvessa
  5464 | D:7      | Reached **** piety under Okawaru
  5466 | D:7      | Killed Dowan
  5466 | D:7      | Reached skill level 5 in Armour
  5551 | D:7      | Found a shimmering altar of Xom.
  5552 | D:7      | Found a hazy altar of Hepliaklqana.
  5553 | D:7      | Noticed a spectral ugly thing
  5603 | D:7      | Got a twisted whip
  5604 | D:7      | Identified the +9 whip of Vengeance {drain, rN+ Str+4} (You found it on level 7 of the Dungeon)
  6925 | D:9      | Reached XP level 10. HP: 87/87 MP: 9/9
  7257 | D:9      | Found a staircase to the Orcish Mines.
  7542 | D:9      | Got a warped jade ring
  7544 | D:9      | Identified the ring "Quehyiph" {Ice *Drain Int+7} (You found it on level 9 of the Dungeon)
  7551 | D:9      | Found Quca's Gadget Shop.
  7633 | D:9      | Reached skill level 10 in Fighting
  8051 | Orc:1    | Entered Level 1 of the Orcish Mines
  8051 | Orc:1    | Found a roughly hewn altar of Beogh.
  8065 | Orc:1    | Noticed Fannar
  8087 | D:10     | Entered Level 10 of the Dungeon
  8128 | D:10     | Noticed Grum
  8147 | D:10     | Killed Grum
  8147 | D:10     | Reached ***** piety under Okawaru
  8221 | D:10     | Noticed a gargoyle
  8263 | D:10     | Killed a gargoyle
  8557 | D:10     | Identified the Volume of the Displaced Entourage
  8840 | D:11     | Received a gift from Okawaru
  8958 | D:11     | Found a staircase to the Lair.
  8960 | D:11     | Reached XP level 11. HP: 102/103 MP: 10/10
  9229 | D:11     | Noticed a tengu warrior
  9245 | D:11     | Killed a tengu warrior
  9571 | Lair:1   | Entered Level 1 of the Lair of Beasts
  9841 | Lair:1   | Reached skill level 5 in Shields
 10713 | Lair:2   | Noticed Prince Ribbit
 10724 | Lair:2   | Killed Prince Ribbit
 10962 | Lair:2   | Reached ****** piety under Okawaru
 10995 | Lair:2   | Noticed Gastronok
 11141 | D:12     | Found a basalt altar of Yredelemnul.
 11150 | D:12     | Noticed Snorg
 11170 | D:12     | HP: 2/107 [Snorg (11)]
 11170 | D:12     | Mangled by Snorg

Skill      XL: |  1  2  3  4  5  6  7  8  9 10 11 |
---------------+----------------------------------+-----
Long Blades    | 3 4 5 6 7 9 11 13 14 | 14.4
Fighting       | 7 11 13 | 13.3
Armour         | 5 8 9 |  9.9
Shields        | 7 |  7.1

Action                   |  1- 3 |  4- 6 |  7- 9 | 10-12 || total
-------------------------+-------+-------+-------+-------++-------
Melee: Long sword        |    76 |   164 |   267 |   437 ||   944
       Headbutt          |     8 |    31 |    58 |   105 ||   202
       Whip              |       |       |     4 |       ||     4
Throw: Javelin           |       |       |    22 |     4 ||    26
       Tomahawk          |       |       |     1 |       ||     1
Invok: Heroism           |       |       |     1 |       ||     1
 Abil: Evoke Blink       |       |       |     3 |     1 ||     4
Evoke: Wand              |       |       |     2 |     6 ||     8
  Use: Scroll            |       |    12 |     6 |     5 ||    23
       Potion            |       |       |     3 |     6 ||     9
  Eat: Chunk             |       |     6 |     7 |    10 ||    23
       Royal jelly       |       |     1 |     1 |       ||     2
       Pizza             |       |       |     1 |       ||     1
       Fruit             |       |       |     2 |     2 ||     4
       Beef jerky        |       |       |     1 |     4 ||     5
Armor: Scale mail        |    14 |       |       |       ||    14
       Plate armour      |    38 |    99 |    14 |       ||   151
       Chain mail        |       |       |   109 |   226 ||   335
Dodge: Dodged            |    22 |    27 |    57 |   138 ||   244
Block: Shield            |    34 |    84 |    67 |       ||   185
       Rpst.: Long sword |     5 |     6 |    10 |    23 ||    44
